TOP OF THE 1ST |
Hudson Valley Renegades batting - Pitching for Everett AquaSox : RHP Jose Albarran
|
Pitching: RHP Jose Albarran
|
|
Batting: LHB Dan Hunt
|
0-0: TRIPLE (Flyball, 89XD, EV 101.3 MPH)
|
Batting: RHB Jesse Haddad
|
0-0: Ball 1-0: Ball 2-0: Ball 3-0: Called Strike 3-1: Ground out 6-3 (Groundball, 56, EV 108.8 MPH) Dan Hunt scores
|
Batting: RHB Freddy Mullen
|
0-0: Ball 1-0: Foul Ball, location: 2F 1-1: Foul Ball, location: 2F 1-2: Strikes out swinging
|
Batting: SHB Suljo Dokic
|
0-0: Called Strike 0-1: Ball 1-1: Ground out 5-3 (Groundball, 5, EV 88.1 MPH)
|
Top of the 1st over - 1 run, 1 hit, 0 errors, 0 left on base; Hudson Valley 1 - Everett 0 |
BOTTOM OF THE 1ST |
Everett AquaSox batting - Pitching for Hudson Valley Renegades : RHP David Zupon
|
Pitching: RHP David Zupon
|
|
Batting: SHB Raghnall Ahearne
|
0-0: Ball 1-0: Called Strike 1-1: Ball 2-1: Foul Ball, location: 2F 2-2: SINGLE (Groundball, 25, EV 75.0 MPH) (infield hit)
|
Batting: LHB Kenny Gerrity
|
0-0: Called Strike Raghnall Ahearne steals 2nd base 0-1: Ball 1-1: Ball 2-1: Ground out 6-3 (Groundball, 6, EV 87.5 MPH) Raghnall Ahearne to third
|
Batting: RHB John Peterson
|
0-0: Called Strike 0-1: Called Strike 0-2: Ball 1-2: Strikes out swinging
|
Batting: RHB Robby Cuellar
|
0-0: Ball 1-0: Foul Ball, location: 2F 1-1: Ball 2-1: Ball 3-1: Ground out 6-3 (Groundball, 6, EV 86.3 MPH)
|
Bottom of the 1st over - 0 runs, 1 hit, 0 errors, 1 left on base; Hudson Valley 1 - Everett 0 |
TOP OF THE 2ND |
Hudson Valley Renegades batting - Pitching for Everett AquaSox : RHP Jose Albarran
|
Batting: RHB Mark Richert
|
0-0: SINGLE (Groundball, 6MD, EV 103.8 MPH)
|
Batting: LHB Killian Chaumont
|
0-0: Called Strike 0-1: Ball 1-1: DOUBLE (Flyball, 8LXD, EV 91.9 MPH) Mark Richert to third
|
Batting: SHB Josif Popovski
|
0-0: Called Strike 0-1: Fly out, F6 (Line Drive, 6, EV 65.6 MPH)
|
Batting: RHB Chris Glavin
|
0-0: Called Strike 0-1: Fly out, F9 (Flyball, 9LM, EV 97.5 MPH)
|
Batting: SHB Tirta Subandrio
|
0-0: Ball 1-0: Ground out 5-3 (Groundball, 25, EV 81.9 MPH)
|
Top of the 2nd over - 0 runs, 2 hits, 0 errors, 2 left on base; Hudson Valley 1 - Everett 0 |
BOTTOM OF THE 2ND |
Everett AquaSox batting - Pitching for Hudson Valley Renegades : RHP David Zupon
|
Batting: RHB Justin Colella
|
0-0: Swinging Strike 0-1: Swinging Strike 0-2: Ball 1-2: Ball 2-2: Strikes out swinging
|
Batting: LHB Omar Colunga
|
0-0: Ball 1-0: Ground out 6-3 (Groundball, 4M, EV 86.9 MPH)
|
Batting: SHB Detlef Oursler
|
0-0: Called Strike 0-1: Foul Ball, location: 2F 0-2: Foul Ball, location: 2F 0-2: Ball 1-2: Foul Ball, location: 2F 1-2: Ball 2-2: Ball 3-2: Ground out 6-3 (Groundball, 6, EV 84.4 MPH)
|
Bottom of the 2nd over - 0 runs, 0 hits, 0 errors, 0 left on base; Hudson Valley 1 - Everett 0 |
TOP OF THE 3RD |
Hudson Valley Renegades batting - Pitching for Everett AquaSox : RHP Jose Albarran
|
Batting: LHB Dan Hunt
|
0-0: Ball 1-0: Ball 2-0: Ball 3-0: Called Strike 3-1: Swinging Strike 3-2: Strikes out looking
|
Batting: RHB Jesse Haddad
|
0-0: Fly out, F3 (Popup, 34, EV 60.0 MPH)
|
Batting: RHB Freddy Mullen
|
0-0: Foul Ball, location: 2F 0-1: Ball 1-1: Ball 2-1: Ground out 6-3 (Groundball, 6, EV 83.1 MPH)
|
Top of the 3rd over - 0 runs, 0 hits, 0 errors, 0 left on base; Hudson Valley 1 - Everett 0 |
BOTTOM OF THE 3RD |
Everett AquaSox batting - Pitching for Hudson Valley Renegades : RHP David Zupon
|
Batting: RHB Clay Statum
|
0-0: Called Strike 0-1: Foul Ball, location: 2F 0-2: Foul Ball, location: 2F 0-2: Strikes out swinging
|
Batting: RHB Chris Van Niel
|
0-0: Ball 1-0: Ground out 6-3 (Groundball, 6, EV 85.6 MPH)
|
Batting: SHB Raghnall Ahearne
|
0-0: Ball 1-0: Ball 2-0: Foul Ball, location: 2F 2-1: Swinging Strike 2-2: Ball 3-2: Foul Ball, location: 2F 3-2: Fly out, F9 (Flyball, 9LS, EV 72.5 MPH)
|
Bottom of the 3rd over - 0 runs, 0 hits, 0 errors, 0 left on base; Hudson Valley 1 - Everett 0 |
TOP OF THE 4TH |
Hudson Valley Renegades batting - Pitching for Everett AquaSox : RHP Jose Albarran
|
Batting: SHB Suljo Dokic
|
0-0: Ball 1-0: Ball 2-0: Ground out 3-1 (Groundball, 34, EV 87.5 MPH)
|
Batting: RHB Mark Richert
|
0-0: Fly out, F4 (Line Drive, 4, EV 75.6 MPH)
|
Batting: LHB Killian Chaumont
|
0-0: Ball 1-0: Called Strike 1-1: Ball 2-1: Swinging Strike 2-2: Ground out 6-3 (Groundball, 6M, EV 101.3 MPH)
|
Top of the 4th over - 0 runs, 0 hits, 0 errors, 0 left on base; Hudson Valley 1 - Everett 0 |
BOTTOM OF THE 4TH |
Everett AquaSox batting - Pitching for Hudson Valley Renegades : RHP David Zupon
|
Batting: LHB Kenny Gerrity
|
0-0: Ground out U3 (Groundball, 34S, EV 70.0 MPH)
|
Batting: RHB John Peterson
|
0-0: Ball 1-0: Ball 2-0: Called Strike 2-1: Foul Ball, location: 2F 2-2: Foul Ball, location: 2F 2-2: Ball 3-2: Base on Balls
|
Batting: RHB Robby Cuellar
|
0-0: Ball 1-0: Ball 2-0: Ball 3-0: Swinging Strike 3-1: Swinging Strike 3-2: Base on Balls John Peterson to second
|
Batting: RHB Justin Colella
|
0-0: Ball John Peterson steals 3rd base (no throw) 1-0: Called Strike 1-1: Swinging Strike 1-2: Ball 2-2: Ball 3-2: Base on Balls Robby Cuellar to second
|
Batting: LHB Omar Colunga
|
0-0: Ball 1-0: Called Strike 1-1: Grounds into fielders choice 3-2 (Groundball, 34, EV 81.3 MPH) Robby Cuellar to third Justin Colella to second
|
Batting: SHB Detlef Oursler
|
0-0: Swinging Strike 0-1: Called Strike 0-2: Foul Ball, location: 2F 0-2: Ball 1-2: Strikes out looking
|
Bottom of the 4th over - 0 runs, 0 hits, 0 errors, 3 left on base; Hudson Valley 1 - Everett 0 |
TOP OF THE 5TH |
Hudson Valley Renegades batting - Pitching for Everett AquaSox : RHP Jose Albarran
|
Batting: SHB Josif Popovski
|
0-0: Called Strike 0-1: Ball 1-1: Ball 2-1: DOUBLE (Flyball, 5D, EV 97.5 MPH)
|
Batting: RHB Chris Glavin
|
0-0: Ball Josif Popovski steals 3rd base 1-0: Ball 2-0: Ball 3-0: Called Strike 3-1: Ground out U3 (Groundball, 34S, EV 90.0 MPH) Josif Popovski scores
|
Batting: SHB Tirta Subandrio
|
0-0: Called Strike 0-1: Ball 1-1: Ball 2-1: Ball 3-1: Ground out 6-3 (Groundball, 6, EV 103.1 MPH)
|
Batting: LHB Dan Hunt
|
0-0: Ground out 6-3 (Groundball, 56, EV 100.0 MPH)
|
Top of the 5th over - 1 run, 1 hit, 0 errors, 0 left on base; Hudson Valley 2 - Everett 0 |
BOTTOM OF THE 5TH |
Everett AquaSox batting - Pitching for Hudson Valley Renegades : RHP David Zupon
|
Batting: RHB Clay Statum
|
0-0: Called Strike 0-1: Ball 1-1: Ball 2-1: Swinging Strike 2-2: Fly out, F9 (Flyball, 9D, EV 103.8 MPH)
|
Batting: RHB Chris Van Niel
|
0-0: Foul Ball, location: 2F 0-1: Swinging Strike 0-2: Ball 1-2: Fly out, F8 (Flyball, 8LD, EV 90.6 MPH)
|
Batting: SHB Raghnall Ahearne
|
0-0: Called Strike 0-1: Ball 1-1: Foul Ball, location: 2F 1-2: Strikes out swinging
|
Bottom of the 5th over - 0 runs, 0 hits, 0 errors, 0 left on base; Hudson Valley 2 - Everett 0 |
TOP OF THE 6TH |
Hudson Valley Renegades batting - Pitching for Everett AquaSox : RHP Jose Albarran
|
Batting: RHB Jesse Haddad
|
0-0: Foul Ball, location: 2F 0-1: SINGLE (Line Drive, 4MD, EV 105.0 MPH)
|
Batting: RHB Freddy Mullen
|
0-0: Ground out 5-3 (Groundball, 5S, EV 69.4 MPH) Jesse Haddad to second
|
Batting: SHB Suljo Dokic
|
0-0: Ground out 5-3 (Groundball, 56, EV 98.1 MPH)
|
Batting: RHB Mark Richert
|
0-0: Called Strike 0-1: Called Strike 0-2: Ball 1-2: Ground out U3 (Groundball, 3, EV 90.0 MPH)
|
Top of the 6th over - 0 runs, 1 hit, 0 errors, 1 left on base; Hudson Valley 2 - Everett 0 |
BOTTOM OF THE 6TH |
Everett AquaSox batting - Pitching for Hudson Valley Renegades : RHP David Zupon
|
Pitching: RHP Fabrizio Rovigo
|
|
Batting: LHB Kenny Gerrity
|
0-0: Fly out, F9 (Flyball, 89M, EV 92.5 MPH)
|
Batting: RHB John Peterson
|
0-0: Called Strike 0-1: Ball 1-1: SOLO HOME RUN (Flyball, 89XD, EV 97.5 MPH), Distance : 391 ft
|
Batting: RHB Robby Cuellar
|
0-0: Called Strike 0-1: Swinging Strike 0-2: SINGLE (Line Drive, 56D, EV 98.1 MPH)
|
Batting: RHB Justin Colella
|
0-0: Ball 1-0: Swinging Strike 1-1: Called Strike 1-2: Strikes out looking
|
Batting: LHB Omar Colunga
|
0-0: Ground out 4-3 (Groundball, 4, EV 80.6 MPH)
|
Bottom of the 6th over - 1 run, 2 hits, 0 errors, 1 left on base; Hudson Valley 2 - Everett 1 |
TOP OF THE 7TH |
Hudson Valley Renegades batting - Pitching for Everett AquaSox : RHP Jose Albarran
|
Batting: LHB Killian Chaumont
|
0-0: Swinging Strike 0-1: Swinging Strike 0-2: Ball 1-2: Foul Ball, location: 2F 1-2: Ball 2-2: Strikes out swinging
|
Batting: SHB Josif Popovski
|
0-0: Foul Ball, location: 2F 0-1: Foul Ball, location: 2F 0-2: Ball 1-2: Strikes out swinging
|
Batting: RHB Chris Glavin
|
0-0: Called Strike 0-1: Ball 1-1: Called Strike 1-2: Ground out 5-3 (Groundball, 56, EV 90.6 MPH)
|
Top of the 7th over - 0 runs, 0 hits, 0 errors, 0 left on base; Hudson Valley 2 - Everett 1 |
BOTTOM OF THE 7TH |
Everett AquaSox batting - Pitching for Hudson Valley Renegades : RHP Fabrizio Rovigo
|
Batting: SHB Detlef Oursler
|
0-0: Called Strike 0-1: Called Strike 0-2: Ball 1-2: Strikes out looking
|
Batting: RHB Clay Statum
|
0-0: Ball 1-0: Called Strike 1-1: Fly out, F7 (Flyball, 7, EV 86.3 MPH)
|
Batting: RHB Chris Van Niel
|
0-0: Ground out 3-1 (Groundball, 34S, EV 83.1 MPH)
|
Bottom of the 7th over - 0 runs, 0 hits, 0 errors, 0 left on base; Hudson Valley 2 - Everett 1 |
TOP OF THE 8TH |
Hudson Valley Renegades batting - Pitching for Everett AquaSox : RHP Jose Albarran
|
Pitching: RHP Rob Henry
|
|
Batting: SHB Tirta Subandrio
|
0-0: Swinging Strike 0-1: Called Strike 0-2: Foul Ball, location: 2F 0-2: Ball 1-2: Strikes out looking
|
Batting: LHB Dan Hunt
|
0-0: Called Strike 0-1: Foul Ball, location: 2F 0-2: Ball 1-2: Ball 2-2: Foul Ball, location: 2F 2-2: Strikes out looking
|
Batting: RHB Jesse Haddad
|
0-0: Foul Ball, location: 2F 0-1: Foul Ball, location: 2F 0-2: Ground out 4-3 (Groundball, 4, EV 85.0 MPH)
|
Top of the 8th over - 0 runs, 0 hits, 0 errors, 0 left on base; Hudson Valley 2 - Everett 1 |
BOTTOM OF THE 8TH |
Everett AquaSox batting - Pitching for Hudson Valley Renegades : RHP Fabrizio Rovigo
|
Batting: SHB Raghnall Ahearne
|
0-0: Ball 1-0: Ball 2-0: Ball 3-0: Base on Balls
|
Pitching: RHP Yang Meng
|
|
Batting: LHB Kenny Gerrity
|
0-0: Ball 1-0: Sac Bunt to 25 - play at first, batter OUT! 5-4 Raghnall Ahearne to second
|
Batting: RHB John Peterson
|
0-0: Called Strike 0-1: Ball Wild Pitch! Raghnall Ahearne to third 1-1: Foul Ball, location: 2F 1-2: Ball 2-2: Strikes out swinging
|
Batting: RHB Robby Cuellar
|
0-0: Ball 1-0: Foul Ball, location: 2F 1-1: Ball 2-1: Ball 3-1: Fly out, F9 (Flyball, 9LM, EV 93.8 MPH)
|
Bottom of the 8th over - 0 runs, 0 hits, 0 errors, 1 left on base; Hudson Valley 2 - Everett 1 |
TOP OF THE 9TH |
Hudson Valley Renegades batting - Pitching for Everett AquaSox : RHP Rob Henry
|
Pitching: RHP Jason Childress
|
|
Batting: RHB Freddy Mullen
|
0-0: Ball 1-0: Ball 2-0: Ball 3-0: Called Strike 3-1: Swinging Strike 3-2: SINGLE (Groundball, 6MD, EV 107.5 MPH)
|
Batting: SHB Suljo Dokic
|
0-0: Called Strike 0-1: Called Strike 0-2: Strikes out swinging
|
Batting: RHB Mark Richert
|
0-0: Ball 1-0: Foul Ball, location: 2F 1-1: Ball 2-1: Swinging Strike 2-2: Grounds into double play, 3-6-3 (Groundball, 3, EV 87.5 MPH)
|
Top of the 9th over - 0 runs, 1 hit, 0 errors, 0 left on base; Hudson Valley 2 - Everett 1 |
BOTTOM OF THE 9TH |
Everett AquaSox batting - Pitching for Hudson Valley Renegades : RHP Yang Meng
|
Pitching: RHP Josh McMahan
|
|
Batting: RHB Justin Colella
|
0-0: Called Strike 0-1: Swinging Strike 0-2: Ball 1-2: Strikes out swinging
|
Batting: LHB Omar Colunga
|
0-0: Ball 1-0: Ball 2-0: Ground out 4-3 (Groundball, 4, EV 79.4 MPH)
|
Batting: SHB Detlef Oursler
|
0-0: Ball 1-0: SINGLE (Line Drive, 8LS, EV 93.1 MPH)
|
Batting: RHB Clay Statum
|
0-0: Called Strike 0-1: Called Strike 0-2: Foul Ball, location: 2F 0-2: Foul Ball, location: 2F 0-2: Foul Ball, location: 2F 0-2: Ball 1-2: Ball 2-2: Strikes out swinging
|
Bottom of the 9th over - 0 runs, 1 hit, 0 errors, 1 left on base; Hudson Valley 2 - Everett 1 |
|